 Dungeon Crawl Stone Soup version 0.30-a0-723-gc1506a1cf0 (webtiles) character file.

Game seed: 7938746905099049430

1171 Newt the Skirmisher (level 8, -10/49 HPs)
             Began as a Kobold Hunter on Jan 28, 2023.
             Was an Initiate of Okawaru.
             Mangled by browni3141's ghost (24 damage)
             ... on level 5 of the Dungeon.
             The game lasted 00:05:45 (5212 turns).

Newt the Skirmisher (Kobold Hunter)                 Turns: 5212, Time: 00:05:46

Health: -10/49     AC:  4    Str:  8    XL:     8   Next: 68%
Magic:  14/14      EV: 16    Int: 10    God:    Okawaru [......]
Gold:   321        SH:  0    Dex: 21    Spells: 13/15 levels left

rFire   . . .      SeeInvis .    a - +0 shortbow
rCold   + . .      Faith    .    (shield currently unavailable)
rNeg    . . .      Spirit   .    c - +0 leather armour
rPois   .          Reflect  .    (no helmet)
rElec   .          Harm     .    (no cloak)
rCorr   .          Rampage  .    j - +0 pair of gloves "Furhesa" {rC+ Regen+}
Will    .....                    (no boots)
Stlth   +++                      (no amulet)
HPRegen 1.08/turn                (no ring)
MPRegen 0.14/turn                (no ring)

@: mighty
A: small, no large weapons, nightstalker 3
a: Renounce Religion


You were on level 5 of the Dungeon.
You worshipped Okawaru.
Okawaru was noncommittal.
You visited 2 branches of the dungeon, and saw 6 of its levels.
You also visited: Sewer.

You collected 343 gold pieces.
You spent 22 gold pieces at shops.

Inventory:

Hand Weapons
 a - a +0 shortbow (weapon)
Armour
 c - a +0 leather armour (worn)
 j - the +0 pair of gloves "Furhesa" (worn) {rC+ Regen+}
   (You found it on level 3 of the Dungeon)

   rC:        It protects you from cold.
   Regen:     It increases your rate of health regeneration.
Jewellery
 p - an amulet of regeneration
 v - a ring of ice
 A - a +4 ring of slaying
Wands
 e - a wand of acid (9)
 l - a wand of mindburst (14)
Scrolls
 b - a scroll of immolation
 f - a scroll of fog
 i - 2 scrolls of amnesia
 o - a scroll of silence
 q - 2 scrolls of teleportation
 r - 3 scrolls of noise
 y - a scroll of identify
 z - a scroll of enchant weapon {unknown}
Potions
 d - 4 potions of curing
 g - 6 potions of flight
 h - 3 potions of lignification
 k - 2 potions of degeneration
 m - 2 potions of berserk rage
 n - 2 potions of heal wounds
 s - 2 potions of magic
 t - a potion of resistance
 u - a potion of cancellation
 x - 2 potions of haste {unknown}


   Skills:
 - Level 5.0 Fighting
 - Level 9.0 Ranged Weapons
 + Level 4.7 Dodging
 - Level 1.3 Stealth
 - Level 4.0 Spellcasting
 - Level 4.0 Transmutations


You had 13 spell levels left.
You knew the following spells:

 Your Spells              Type           Power      Damage    Failure   Level
a - Wereblood             Tmut           10%        N/A       11%         2

Your spell library contained the following spells:

 Spells                   Type           Power      Damage    Failure   Level
 Apportation              Tloc           4%         N/A       36%         1
 Necrotise                Necr           8%         1d4       36%         1
 Sublimation of Blood     Necr           2%         N/A       50%         2
 Vampiric Draining        Necr           2%         2d6       73%         3
 Agony                    Necr           2%         N/A       100%        5
 Summon Small Mammal      Summ           Unusable   N/A       N/A         1
 Summon Hydra             Summ           Unusable   N/A       N/A         7

Dungeon Overview and Level Annotations

Branches:
Dungeon (5/15)             Temple (1/1) D:5           Sewer (visited)

Altars:
Ashenzari
Cheibriados
Dithmenos
Gozag
Nemelex Xobeh
Okawaru
Qazlal
Ru
Sif Muna
Trog
Uskayaw
Wu Jian
Zin

Shops:
D:5 ?

Annotations:
D:5 browni3141's ghost, novice TrBe
Temple 2 transporters


Innate Abilities, Weirdness & Mutations

You are small and have problems with some larger weapons.
You are completely attuned to the shadows.


Message History

You kill the black bear!
Okawaru accepts your kill.
Your Dodging skill increases to level 4!
No target in view!
HP restored.
You see here a black bear corpse.
Could not explore, unopened runed door.
Could not explore, unopened runed door.
Could not explore, unopened runed door.
You open the gate.
You feel very mighty all of a sudden.
Browni3141's ghost (novice Troll Berserker) comes into view.
Found 7 large rocks and a stone.
Browni3141's ghost turns its malevolent gaze towards you.
There is an open translucent gate here.
You shoot an arrow.
The arrow closely misses browni3141's ghost.
You shoot an arrow.
The arrow barely misses browni3141's ghost.
You shoot an arrow.
The arrow closely misses browni3141's ghost.
Browni3141's ghost hits you but does no damage.
You shoot an arrow. The arrow hits browni3141's ghost.
Browni3141's ghost is lightly damaged.
Browni3141's ghost hits you!
You shoot an arrow.
The arrow barely misses browni3141's ghost.
Browni3141's ghost barely misses you.
You shoot an arrow. The arrow hits browni3141's ghost!
Browni3141's ghost is lightly damaged.
Browni3141's ghost hits you.
You shoot an arrow. The arrow hits browni3141's ghost.
Browni3141's ghost is lightly damaged.
Browni3141's ghost barely misses you.
You shoot an arrow.
The arrow closely misses browni3141's ghost.
Browni3141's ghost hits you!!
* * * LOW HITPOINT WARNING * * *
Browni3141's ghost hits you!!
You die...

#..........##..........##
#..........##............
#..........##............
#..........##..........#.
#####.#######...######.######
#.....# ...)#...####...#
#.....# ...(#..........######
#.....# .(..'................
#....## ...W@................
#....# ..(.'..#.............
####.# (...#..#.......##.##.
#.## (..(#..#.............
#..#######...........†....
####......................
#....>...#######.........<
#.........................
#........#.>...#....##....


You could see browni3141's ghost.

Vanquished Creatures
  An ice beast (D:5)
  A black bear (D:5)
  A necrophage (D:4)
  3 scorpions (D:5)
  2 hounds (D:4)
  An orc priest (D:4)
  A jelly (D:5)
  An orc wizard (D:4)
  An iguana (D:5)
  14 gnolls
  11 river rats
  16 adders
  2 ufetubi
  6 worms
  4 dart slugs
  11 orcs
  13 ball pythons
  3 endoplasms
  9 giant cockroaches
  17 goblins
  9 hobgoblins
  5 jackals
  11 quokkas
  13 bats
  3 frilled lizards (Sewer)
  14 kobolds
  15 rats
188 creatures vanquished.

Notes
Turn   | Place    | Note
-------+----------+-------------------------------------------
     0 | D:1      | Newt the Kobold Hunter began the quest for the Orb.
     0 | D:1      | Reached XP level 1. HP: 12/12 MP: 1/1
    19 | D:1      | Reached XP level 2. HP: 18/18 MP: 2/2
   258 | D:1      | Reached XP level 3. HP: 22/23 MP: 3/3
   693 | D:2      | Reached XP level 4. HP: 8/30 MP: 4/4
  1175 | D:2      | Identified the +3 dagger "Pepuengo" {drain, Dex+3}
  1288 | D:2      | Found a faded altar of an unknown god.
  1324 | D:2      | Reached skill level 5 in Fighting
  1402 | D:2      | Found a broken altar of Ashenzari.
  1412 | D:2      | Reached XP level 5. HP: 35/35 MP: 5/5
  1490 | D:2      | Reached skill level 6 in Ranged Weapons
  1997 | D:3      | Identified the +0 pair of gloves "Furhesa" {rC+ Regen+}
  2172 | D:3      | Reached skill level 7 in Ranged Weapons
  2172 | D:3      | Reached XP level 6. HP: 40/40 MP: 6/6
  2686 | D:4      | Found a glowing drain.
  2690 | Sewer    | Entered a sewer
  2835 | Sewer    | Reached skill level 8 in Ranged Weapons
  3513 | D:4      | Reached XP level 7. HP: 44/44 MP: 7/7
  3515 | D:4      | Identified the +3 spear of Giatzoff {freeze, rPois rN+
                  | Int+2 Dex+2}
  3572 | D:4      | Reached skill level 9 in Ranged Weapons
  3611 | D:4      | Reached skill level 1 in Spellcasting
  3758 | D:4      | Reached skill level 1 in Transmutations
  4170 | D:5      | Entered Level 5 of the Dungeon
  4197 | D:5      | Learned a level 2 spell: Wereblood
  4317 | D:5      | Reached XP level 8. HP: 37/49 MP: 11/13
  4353 | D:5      | Found Saeshru's Magic Scroll Shop.
  4358 | D:5      | Bought a scroll of identify for 22 gold pieces
  4765 | D:5      | Found a runed translucent gate.
  4766 | D:5      | Found a runed translucent gate.
  4767 | D:5      | Found a runed translucent gate.
  4954 | D:5      | Found a staircase to the Ecumenical Temple.
  5091 | Temple   | Entered the Ecumenical Temple
  5094 | Temple   | Found a transporter.
  5094 | Temple   | Found a transporter.
  5096 | Temple   | Found a transporter.
  5096 | Temple   | Found a transporter.
  5109 | Temple   | Became a worshipper of Warmaster Okawaru
  5204 | D:5      | Noticed browni3141's ghost (novice TrBe)
  5212 | D:5      | Mangled by browni3141's ghost

Illustrated notes

Levels and vault maps discovered:
D:1:      spicycebolla_green_bress_n_ham, layout_rooms, grunt_decor_fettered,
          minmay_tromino_v4_c
D:2:      layout_basic, hellmonk_ecumenical_altar_inner_sanctum, basic_altar
D:3:      layout_rooms, serial_glass, glass_columns_a, glass_columns_b,
          glass_columns_a, glass_columns_a, glass_columns_b, glass_columns_a
D:4:      cheibrodos_greedy_goblins, layout_cave_pools, gup_sewer_entry_spiral
D:5:      lemuel_ratsnest, layout_rooms, lemuel_temple_firewalk_b, serial_shops,
          nicolae_square_shop, ebering_ghost_rock_garden
Temple:   hellmonk_temple_divided_pantheon

Skill      XL: |  1  2  3  4  5  6  7  8 |
---------------+-------------------------+-----
Fighting       | 3 4 5 |  5.0
Ranged Weapons | 7 8 9 |  9.0
Spellcasting   | 3 4 |  4.0
Transmutations | 3 4 |  4.0
Dodging        | 4 |  4.7
Stealth        | |  1.3

Action                     |  1- 3 |  4- 6 |  7- 9 || total
---------------------------+-------+-------+-------++-------
   Fire: Shortbow          |    62 |   275 |   223 ||   560
   Cast: Wereblood         |       |       |     3 ||     3
    Use: Scroll            |     2 |     9 |     2 ||    13
         Potion            |       |     1 |     4 ||     5
 Armour: Leather armour    |     6 |    60 |    27 ||    93
  Dodge: Dodged            |    32 |   178 |   102 ||   312

Table legend: (Time is in decaauts)
 A = Elapsed time spent in this place.
 B = Non-inter-level travel time spent in this place.
 C = Inter-level travel time spent in this place.
 D = Time resting spent in this place.
 E = Time spent auto-exploring this place.
 F = Levels seen in this place.
 G = Mean time per level.
                   A        B        C        D        E       F      G
               +--------+--------+--------+--------+--------+-----+--------+
         Total |   5452 |   5300 |    152 |    494 |   3680 |   7 |  778.9 |
       Dungeon |   4573 |   4438 |    135 |    280 |   3219 |   5 |  914.6 |
        Temple |     41 |     25 |     16 |      0 |     10 |   1 |   41.0 |
         Sewer |    837 |    837 |      0 |    214 |    451 |   1 |  837.0 |
               +--------+--------+--------+--------+--------+-----+--------+

Top non-repeatable levels by time:
     D:2: 1303 daAuts
     D:4: 1057 daAuts
     D:5: 1011 daAuts
   Sewer: 837 daAuts
     D:3: 641 daAuts
     D:1: 559 daAuts
  Temple: 41 daAuts
